 Dungeon Crawl Stone Soup version 0.30-a0-718-geaa24f58ff (webtiles) character file.

Game seed: 11625783487146915817

989 kae the Changer (level 7, -5/48 HPs)
             Began as a Demonspawn Transmuter on Jan 25, 2023.
             Was an Initiate of Hepliaklqana.
             Slain by a black bear (8 damage)
             ... on level 3 of the Dungeon.
             The game lasted 00:04:10 (4264 turns).

kae the Changer (Demonspawn Transmuter)             Turns: 4264, Time: 00:04:10

Health: -5/48      AC:  2    Str: 10    XL:     7   Next: 98%
Magic:  2/13       EV: 19    Int: 16    God:    Hepliaklqana [......]
Gold:   139        SH:  0    Dex: 23    Spells: 4/14 levels left

rFire   . . .      SeeInvis .      - Unarmed
rCold   . . .      Faith    .    (shield currently unavailable)
rNeg    . . .      Spirit   .    (body armour currently unavailable)
rPois   x          Reflect  .    (helmet currently unavailable)
rElec   .          Harm     .    (cloak currently unavailable)
rCorr   .          Rampage  .    (gloves currently unavailable)
Will    .....                    (boots currently unavailable)
Stlth   ++++                     (no amulet)
HPRegen 0.28/turn                (no ring)
MPRegen 0.13/turn                (no ring)

@: spider-form, attractive, very slightly contaminated
A: venomous fangs, tiny, (horns 1), thin skeletal structure 2, powered by pain
1, (spiny 1)
a: End Transformation, Renounce Religion


You were on level 3 of the Dungeon.
You worshipped Hepliaklqana.
Hepliaklqana was noncommittal.
You were a venomous arachnid creature.
You visited 2 branches of the dungeon, and saw 6 of its levels.

You collected 161 gold pieces.
You spent 22 gold pieces at shops.


Innate Abilities, Weirdness & Mutations

You are a venomous arachnid creature.
You have venomous fangs.
You are tiny and dextrous.
Your spellcasting is less reliable in this form.
Your armour is entirely melded.
You are incapable of wielding weapons or throwing items.
((You have a pair of small horns on your head.))
You have a moderately thin skeletal structure. (Dex +4, Stealth++)
You sometimes gain a little power by taking damage.
((You are partially covered in sharp spines.))


   Skills:
 - Level 1.0 Fighting
 - Level 1.7 Dodging
 + Level 4.4 Unarmed Combat
 + Level 4.0 Spellcasting
 * Level 5.4 Transmutations
 * Level 3.3 Ice Magic
 - Level 2.0 Poison Magic


You had 4 spell levels left.
You knew the following spells:

 Your Spells              Type           Power      Damage    Failure   Level
a - Beastly Appendage     Tmut           40%        N/A       8%          1
b - Wereblood             Tmut           20%        N/A       10%         2
c - Spider Form           Tmut/Pois      15%        N/A       26%         3
d - Ice Form              Ice/Tmut       17%        N/A       47%         4

Your spell library contained the following spells:

 Spells                   Type           Power      Damage    Failure   Level
 Slow                     Hex            12%        N/A       36%         1
 Confusing Touch          Hex            3%         N/A       67%         3
 Vampiric Draining        Necr           3%         2d6       67%         3

Inventory:

Missiles
 c - 39 stones
 e - a throwing net {=f!f}
 h - 6 javelins
 i - 2 poisoned darts
Armour
 a - a +0 robe (melded)
Wands
 k - a wand of paralysis (8)
   (You found it on level 2 of the Dungeon)
 n - a wand of roots (10)
   (You found it on level 4 of the Dungeon)
Scrolls
 j - a scroll of teleportation {unknown}
 l - a scroll of enchant weapon {unknown}
 m - 2 scrolls of identify {@r1}
Potions
 b - a potion of lignification {!q}
 d - a potion of magic
 g - a potion of flight {unknown}

Dungeon Overview and Level Annotations

Branches:
Dungeon (5/15) Zot: 26224  Temple (1/1) D:5 Zot: 5465

Altars:
Ashenzari
Cheibriados
Dithmenos
Fedhas
Gozag
Hepliaklqana
Kikubaaqudgha
Makhleb
Okawaru
Qazlal
Ru
Sif Muna
Trog
Uskayaw
Vehumet
Wu Jian
Yredelemnul

Shops:
D:1

* ###
############.######
#(sh......#........
#.#######.##.###### #.#
*,*#.#<.... #####.##
*,*#.######
#......######.##.......
#.######.^....#########
#.# #.###### #.#
#.....# #.##########.##


You could see a black bear.


Message History

You howl as the wereblood boils in your veins!
Your primal bloodlust is almost over.
There is a stone staircase leading up here.
You climb upwards.
You hear the sound of rushing water.
There is an entrance to a sewer on this level.
Hurry and find it before the portal rusts away!
The walls and floor vibrate strangely for a moment.
There is a stone staircase leading down here.
Unknown command.
Unknown command.
The helpless hobgoblin fails to defend itself.
You punch the hobgoblin! You freeze the hobgoblin.
You kill the hobgoblin! 😎 MP[+1] No target in view!
No target in view!
You howl as the wereblood boils in your veins!
You warm up again.
Your +0 robe unmelds from your body.
There is a stone staircase leading down here.
Your primal bloodlust has ended.
m - 2 scrolls of identify {@r1} (gained 1)
A black bear comes into view.
The black bear growls angrily. 😎 HP[-9] MP[+2]
You now have 48 max hp (-9).
Your mp is fully restored (13).
The black bear bites you. The black bear misses you. The black bear claws you.
You barely miss the black bear. You punch the black bear.
The black bear bites you. The black bear claws you.
The black bear closely misses you. 😮 HP[-17]
You take 17 damage, and now have 31/48 hp.
MASSIVE DAMAGE!! (PAUSE)
A black bear is nearby!
A black bear is nearby!
Casting: Wereblood (safe; 2% risk of failure)
Confirm with . or Enter, or press ? or * to list all spells.
The spell is quite dangerous to miscast (26% risk of failure)!
Continue anyway? [Y]es or [N]o only, please.
The spell is quite dangerous to miscast (26% risk of failure)!
Continue anyway?
You miscast Ice Form.
You are very lightly contaminated with residual magic.
Nothing appears to happen.
The black bear bites you! The black bear claws you.
* * * LOW HITPOINT WARNING * * *
The black bear claws you.
* * * LOW HITPOINT WARNING * * *
😨 HP[-11] MP[-4]
You take 11 damage, and now have 20/48 hp.
MASSIVE DAMAGE!! (PAUSE)
You lost 4 mp, and now have 9/13 mp.
Casting: Ice Form (quite dangerous; 26% risk of failure)
Confirm with . or Enter, or press ? or * to list all spells.
The spell is quite dangerous to miscast (26% risk of failure)!
Continue anyway? [Y]es or [N]o only, please.
The spell is quite dangerous to miscast (26% risk of failure)!
Continue anyway?
You miscast Ice Form.
You are caught in an explosion of ice and frost.
* * * LOW HITPOINT WARNING * * *
The black bear bites you.
* * * LOW HITPOINT WARNING * * *
The black bear claws you.
* * * LOW HITPOINT WARNING * * *
The black bear claws you but does no damage. 😱 HP[-11] MP[-4]
You take 11 damage, and now have 9/48 hp.
MASSIVE DAMAGE!! (PAUSE)
You lost 4 mp, and now have 5/13 mp.
Okay, then.
You feel better. The black bear misses you.
The black bear claws you but does no damage.
The black bear misses you. 😨 HP[+11]
You regained 11 hp, and now have 20/48 hp.
Casting: Ice Form (quite dangerous; 26% risk of failure)
Confirm with . or Enter, or press ? or * to list all spells.
You turn into a venomous arachnid creature.
Your +0 robe melds into your body.
The black bear misses you. The black bear completely misses you.
The black bear claws you.
* * * LOW HITPOINT WARNING * * *
The black bear bites you.
* * * LOW HITPOINT WARNING * * *
The black bear claws you.
* * * LOW HITPOINT WARNING * * *
The black bear barely misses you. 😱 HP[-10] MP[-3]
You take 10 damage, and now have 10/48 hp.
MASSIVE DAMAGE!! (PAUSE)
You lost 3 mp, and now have 2/13 mp.
You hit the black bear. The black bear bites you.
* * * LOW HITPOINT WARNING * * *
The black bear claws you.
* * * LOW HITPOINT WARNING * * *
The black bear barely misses you. 😱 HP[-7]
You take 7 damage, and now have 3/48 hp.
Unknown command.
It was a potion of attraction.
You feel attractive to monsters. The black bear bites you!
You die...

Skill      XL: |  1  2  3  4  5  6  7 |
---------------+----------------------+-----
Transmutations | 2 3 4 5 |  5.4
Unarmed Combat | 3 4 |  4.4
Poison Magic   | 1 2 |  2.0
Spellcasting   | 3 4 |  4.0
Ice Magic      | 1 2 3 |  3.3
Fighting       | |  1.0
Dodging        | |  1.7

Action                     |  1- 3 |  4- 6 |  7- 9 || total
---------------------------+-------+-------+-------++-------
  Melee: Unarmed           |    78 |    67 |    59 ||   204
         Kick              |    16 |     7 |       ||    23
         Headbutt          |     9 |     3 |       ||    12
         Punch             |     1 |       |     1 ||     2
   Cast: Beastly Appendage |    19 |     4 |       ||    23
         Spider Form       |     1 |     9 |     4 ||    14
         Ice Form          |       |     2 |     2 ||     4
         Wereblood         |       |     1 |     1 ||     2
Ability: End Transformatio |       |     1 |       ||     1
    Use: Scroll            |     8 |       |       ||     8
         Potion            |       |     1 |     3 ||     4
   Stab: Sleeping          |       |     2 |     3 ||     5
 Armour: Robe              |     8 |     4 |     2 ||    14
         Skin              |       |     2 |    51 ||    53
  Dodge: Dodged            |    60 |    45 |    47 ||   152

Levels and vault maps discovered:
D:1:      lightli_arrival_isolated_outpost, layout_loops_corners, serial_shops,
          nicolae_shop_crystal, wander_ebering_terrifying_dragon_lair
D:2:      layout_basic
D:3:      layout_basic, portal_sewer_entry_c, chequers_serial_rivers_marsh
D:4:      layout_basic, minmay_goblin_kobold_house, uniq_sigmund
D:5:      layout_loops_corners, temple_fountains, kennysheep_generic_room_9
Temple:   mainiacjoe_temple_big_plus

Notes
Turn   | Place    | Note
-------+----------+-------------------------------------------
     0 | D:1      | kae the Demonspawn Transmuter began the quest for the Orb.
     0 | D:1      | Reached XP level 1. HP: 15/15 MP: 3/3
     0 | D:1      | magus.rc [v1.11.3]
   115 | D:1      | You pick up a book of Debilitation and begin reading...
   115 | D:1      | You add the spells Slow, Vampiric Draining and Confusing
                  | Touch to your library.
   168 | D:1      | Reached skill level 2 in Transmutations
   404 | D:1      | Mutation became permanent: You have a pair of small horns
                  | on your head. [demonic ancestry]
   404 | D:1      | Gained mutation: You have a pair of horns on your head.
                  | [demonic ancestry]
   404 | D:1      | Reached XP level 2. HP: 13/21 MP: 3/5
   414 | D:1      | Learned a level 2 spell: Wereblood
   598 | D:1      | Found Zeubragg's General Store.
   737 | D:1      | Bought a scroll of identify for 22 gold pieces
  1301 | D:2      | Reached skill level 3 in Unarmed Combat
  1522 | D:2      | Reached XP level 3. HP: 16/26 MP: 4/6
  1870 | D:2      | Learned a level 3 spell: Spider Form
  2025 | D:3      | Noticed a scorpion
  2033 | D:3      | HP: 3/26 [poisoned by a scorpion]
  2033 | D:3      | Killed a scorpion
  2034 | D:3      | Reached skill level 3 in Transmutations
  2034 | D:3      | Reached skill level 1 in Poison Magic
  2034 | D:3      | Gained mutation: You sometimes gain a little power by
                  | taking damage. [demonic ancestry]
  2034 | D:3      | Reached XP level 4. HP: 4/32 MP: 3/8
  2329 | D:3      | You fall into a shaft and drop 2 floors!
  2329 | D:5      | Entered Level 5 of the Dungeon
  2363 | D:5      | Noticed a scorpion
  2371 | D:5      | Killed a scorpion
  2372 | D:5      | Reached skill level 2 in Poison Magic
  2372 | D:5      | Gained mutation: You have a somewhat thin skeletal
                  | structure. (Dex +2, Stealth+) [demonic ancestry]
  2372 | D:5      | Reached XP level 5. HP: 23/37 MP: 5/9
  2379 | D:5      | HP: 9/37 [poisoned by a scorpion]
  2519 | D:5      | Reached skill level 3 in Spellcasting
  2525 | D:5      | Learned a level 4 spell: Ice Form
  2543 | D:5      | Noticed a water moccasin
  2655 | D:5      | Killed a water moccasin
  2656 | D:5      | Reached skill level 4 in Transmutations
  2656 | D:5      | Reached skill level 1 in Ice Magic
  2656 | D:5      | Gained mutation: You are partially covered in sharp spines.
                  | [demonic ancestry]
  2656 | D:5      | Reached XP level 6. HP: 43/43 MP: 5/10
  2770 | D:5      | Found a staircase to the Ecumenical Temple.
  2920 | Temple   | Entered the Ecumenical Temple
  3432 | Temple   | Became a worshipper of Hepliaklqana the Forgotten
  3490 | D:4      | HP: 9/43 [poisoned by a scorpion]
  3495 | D:4      | HP: 4/43 [poisoned by a scorpion]
  3663 | D:4      | Reached skill level 4 in Unarmed Combat
  3663 | D:4      | Reached skill level 2 in Ice Magic
  3663 | D:4      | Gained mutation: You have a moderately thin skeletal
                  | structure. (Dex +4, Stealth++) [demonic ancestry]
  3663 | D:4      | Reached XP level 7. HP: 48/48 MP: 8/12
  3802 | D:4      | Noticed Sigmund
  3848 | D:4      | Killed Sigmund
  3849 | D:4      | Reached skill level 5 in Transmutations
  3849 | D:4      | Reached skill level 3 in Ice Magic
  3984 | D:4      | Reached skill level 4 in Spellcasting
  3985 | D:4      | HP: 13/57 [goblin/+0 dagger (2)]
  4059 | D:4      | Noticed a steam dragon
  4259 | D:3      | HP: 12/48 [black bear (4)]
  4263 | D:3      | HP: 3/48 [black bear (3)]
  4264 | D:3      | Slain by a black bear

Vanquished Creatures
  Sigmund (D:4)
  A water moccasin (D:5)
  An ogre (D:4)
  A bullfrog (D:4)
  4 scorpions
  3 killer bees (D:4)
  2 hounds
  An orc priest (D:5)
  An orc wizard (D:4)
  4 adders
  An ufetubus (D:5)
  2 worms (D:3)
  A dart slug (D:4)
  10 orcs
  5 ball pythons
  5 endoplasms
  2 giant cockroaches
  3 goblins
  5 hobgoblins
  4 jackals (D:1)
  6 kobolds
  A quokka (D:3)
  2 bats
  3 frilled lizards
  A rat (D:1)
70 creatures vanquished.

Table legend:
 A = Non-vault XP
 B = Vault XP
 C = Vault XP percentage of total XP
 D = Non-vault monster count
 E = Vault monster count
 F = Vault count percentage of total count
                 A         B        C        D         E       F
            +---------+---------+-------+---------+---------+-------
      Total |    1190 |     224 |  15.8 |      68 |       2 |   2.9
            +---------+---------+-------+---------+---------+-------
        D:1 |      29 |       1 |   3.3 |      16 |       1 |   5.9
        D:2 |      49 |       0 |   0.0 |       9 |       0 |   0.0
        D:3 |     114 |       0 |   0.0 |      10 |       0 |   0.0
        D:4 |     587 |     223 |  27.5 |      25 |       1 |   3.8
        D:5 |     411 |       0 |   0.0 |       8 |       0 |   0.0
            +---------+---------+-------+---------+---------+-------

Illustrated notes

Table legend:
 A = Kills in this place as a percentage of kills in entire the game.
 B = Kills by you in this place as a percentage of kills by you in the entire game.
 C = Kills by friends in this place as a percentage of kills by friends in the entire game.
 D = Other kills in this place as a percentage of other kills in the entire game.
 E = Experience gained in this place as a percentage of experience gained in the entire game.
 F = Experience gained in this place divided by the number of levels of this place that you have seen.
                   A       B       C       D       E      F
               +-------+-------+-------+-------+-------+----------------------
         Total | 100.0 | 100.0 |   N/A |   N/A | 100.0 | 235.7
       Dungeon | 100.0 | 100.0 |   N/A |   N/A | 100.0 | 282.8
               +-------+-------+-------+-------+-------+----------------------

Table legend: (Time is in decaauts)
 A = Elapsed time spent in this place.
 B = Non-inter-level travel time spent in this place.
 C = Inter-level travel time spent in this place.
 D = Time resting spent in this place.
 E = Time spent auto-exploring this place.
 F = Levels seen in this place.
 G = Mean time per level.
                   A        B        C        D        E       F      G
               +--------+--------+--------+--------+--------+-----+--------+
         Total |   4256 |   4066 |    190 |    137 |   3248 |   6 |  709.3 |
       Dungeon |   3721 |   3606 |    115 |    137 |   2797 |   5 |  744.2 |
        Temple |    534 |    459 |     75 |      0 |    451 |   1 |  534.0 |
               +--------+--------+--------+--------+--------+-----+--------+

Top non-repeatable levels by time:
     D:1: 1013 daAuts
     D:2: 913 daAuts
     D:4: 720 daAuts
     D:5: 617 daAuts
  Temple: 534 daAuts
     D:3: 456 daAuts
